 Dungeon Crawl Stone Soup version 0.27-a0-277-g024f7ef292 (webtiles) character file.

Game seed: 4012519709828067348

956 dolemite99 the Cleaver (level 8, 0/63 HPs)
             Began as a Hill Orc Fighter on Feb 7, 2021.
             Was an Initiate of Hepliaklqana.
             Succumbed to a killer bee's poison
             ... on level 6 of the Dungeon.
             The game lasted 00:07:24 (6138 turns).

dolemite99 the Cleaver (Hill Orc Fighter)           Turns: 6138, Time: 00:07:25

Health: 0/63       AC: 14    Str: 20 (21) XL:     8   Next: 14%
Magic:  4/8        EV:  3    Int:  6 (8)  God:    Hepliaklqana [......]
Gold:   396        SH:  9    Dex:  7 (10) Spells: 7/7 levels left

rFire    . . .     SeeInvis .   a - +0 war axe
rCold    . . .     Faith    .   c - +1 kite shield
rNeg     . . .     Spirit   +   j - +0 plate armour
rPois    .         Reflect  .   (no helmet)
rElec    .         Harm     .   (no cloak)
rCorr    .         Rampage  .   H - +0 pair of gloves
Will     .....                  (no boots)
Stlth    ..........             p - amulet of guardian spirit
HPRegen  0.20/turn              z - ring of flight
MPRegen  0.11/turn              (no ring)

@: lethally poisoned (0 -> -13), hasted, very quick
A: reduced essence, slimy green scales 1, deterioration 1
a: Renounce Religion, Evoke Flight, Recall Ancestor, Ancestor Identity


You were on level 6 of the Dungeon.
You worshipped Hepliaklqana.
Hepliaklqana was noncommittal.
You visited 2 branches of the dungeon, and saw 7 of its levels.

You collected 396 gold pieces.

Inventory:

Hand Weapons
 a - a +0 war axe (weapon)
 q - a +0 hand crossbow
 v - a +1 vorpal hand axe
Missiles
 e - 219 stones (quivered)
 g - 101 sling bullets
 i - 88 arrows
 y - 6 javelins
 A - 5 curare-tipped darts
 I - 46 bolts
Armour
 b - a +0 scale mail
 c - a +1 kite shield (worn)
 j - a +0 plate armour (worn)
 F - a +0 chain mail of fire resistance
 H - a +0 pair of gloves (worn)
Jewellery
 p - an amulet of guardian spirit (around neck)
 w - a cursed ring of teleportation {unknown}
 z - a ring of flight (left hand)
 E - a cursed -4 ring of evasion {unknown}
Wands
 D - a wand of mindburst (21)
Scrolls
 h - a scroll of amnesia
 k - 2 scrolls of identify {@r1}
 n - a scroll of enchant armour
 u - a scroll of fear
 C - a scroll of noise {unknown}
 G - a scroll of remove curse {unknown}
Potions
 f - a potion of attraction
 l - a potion of haste
 t - a potion of degeneration


   Skills:
 + Level 6.3 Fighting
 - Level 10.7 Axes
 - Level 3.2 Armour
 - Level 3.2 Shields


You had 7 spell levels left.
You didn't know any spells.
Your spell library contained the following spells:

 Spells                   Type           Power        Failure   Level
 Beastly Appendage        Tmut           0%           100%        1
 Wereblood                Tmut           0%           100%        2
 Spider Form              Tmut/Pois      0%           100%        3
 Ice Form                 Ice/Tmut       0%           100%        4
 Blade Hands              Tmut           0%           100%        5


Dungeon Overview and Level Annotations

Branches:
Dungeon (6/15)             Temple (1/1) D:4

Altars:
Ashenzari
Cheibriados
Dithmenos
Elyvilon
Fedhas
Hepliaklqana
Makhleb
Nemelex Xobeh
Okawaru
Qazlal
Sif Muna
Trog
Vehumet
Wu Jian
Xom
Yredelemnul
The Shining One


Innate Abilities, Weirdness & Mutations

Your life essence is reduced to manifest your ancestor. (-10% HP)
You are partially covered in slimy green scales. (AC +2)
Your body sometimes deteriorates upon taking damage.


Message History

You barely miss the killer bee.
The killer bee is lightly wounded.
Cashile barely misses the hound.
The killer bee stings you but does no damage.
You hit the killer bee.
The killer bee is moderately wounded.
* * * LOW HITPOINT WARNING * * *
You feel sick. The killer bee stings you.
* * * LOW HITPOINT WARNING * * *
You are more poisoned.
The killer bee poisons you!
Cashile misses the hound.
You block the killer bee's attack.
You barely miss the killer bee.
The killer bee is moderately wounded.
* * * LOW HITPOINT WARNING * * *
You feel sick. You block the killer bee's attack.
Cashile closely misses the hound.
You miss the killer bee.
The killer bee is moderately wounded.
You die...

#.#........^#8..$..8#
.............##.....##
.#####.....####8...8#
g ## #..###.### ..
...........# ...
###.####..R# g...
.......#h# #.####..#y#
# .. #.#.@#######
#.........#
...............
...............
.###..........#
#..........#
#..(.......#
..........##
##.........#


You could see the friendly Cashile the ancestor, a hound and a killer bee.

Vanquished Creatures
  An ice beast (D:5)
  An orc warrior (D:5)
  A black bear (D:6)
  A centaur (D:5)
  3 killer bees (D:6)
  A centaur zombie (D:5)
  A bullfrog zombie (D:5)
  2 orc priests (D:5)
  Jessica (D:5)
  An iguana (D:3)
  2 orc wizards
  2 worker ants
  5 adders
  A shadow imp (D:4)
  3 worms (D:2)
  4 dart slugs
  4 leopard geckos
  5 orcs
  A ball python (D:2)
  8 bats
  3 giant cockroaches
  5 hobgoblins
  10 jackals
  2 quokkas (D:4)
  7 frilled lizards
  9 goblins
  3 kobolds
  4 rats
91 creatures vanquished.

Vanquished Creatures (collateral kills)
  A scorpion (D:5)
  An orc (D:6)
  A jackal (D:5)
3 creatures vanquished.

Vanquished Creatures (others)
  3 ancestors
  4 plants (D:6)
7 creatures vanquished.

Grand Total: 101 creatures vanquished

Notes
Turn   | Place    | Note
-------+----------+-------------------------------------------
     0 | D:1      | dolemite99 the Hill Orc Fighter began the quest for the
                  | Orb.
     0 | D:1      | Reached XP level 1. HP: 19/19 MP: 1/1
    51 | D:1      | Reached skill level 3 in Axes
   662 | D:1      | Reached XP level 2. HP: 26/26 MP: 2/2
   787 | D:1      | Reached skill level 4 in Axes
  1233 | D:2      | Reached XP level 3. HP: 21/31 MP: 3/3
  1521 | D:2      | Reached skill level 5 in Axes
  2060 | D:2      | Reached XP level 4. HP: 39/39 MP: 4/4
  2420 | D:3      | Reached skill level 6 in Axes
  2793 | D:3      | Reached XP level 5. HP: 45/45 MP: 5/5
  2805 | D:3      | Reached skill level 7 in Axes
  3182 | D:3      | Found a shimmering altar of Xom.
  3753 | D:4      | Found a staircase to the Ecumenical Temple.
  3789 | Temple   | Entered the Ecumenical Temple
  4173 | Temple   | Became a worshipper of Hepliaklqana the Forgotten
  4466 | D:5      | Entered Level 5 of the Dungeon
  4479 | D:5      | Noticed a centaur
  4487 | D:5      | Killed a centaur
  4488 | D:5      | Reached skill level 8 in Axes
  4488 | D:5      | Reached XP level 6. HP: 43/45 MP: 6/6
  4637 | D:5      | Noticed an ice beast
  4651 | D:5      | Killed an ice beast
  4652 | D:5      | Reached skill level 9 in Axes
  5001 | D:5      | Noticed an orc warrior
  5014 | D:5      | Reached XP level 7. HP: 29/51 MP: 1/7
  5015 | D:5      | Reached skill level 10 in Axes
  5423 | D:5      | Found an iron altar of Okawaru.
  5438 | D:5      | Found a basalt altar of Yredelemnul.
  5439 | D:5      | Found a burning altar of Makhleb.
  5615 | D:5      | Found a snail-covered altar of Cheibriados.
  5698 | D:5      | Found a sparkling altar of Nemelex Xobeh.
  5698 | D:5      | Noticed Jessica
  5702 | D:5      | Killed Jessica
  6069 | D:6      | Reached skill level 5 in Fighting
  6089 | D:6      | Reached XP level 8. HP: 34/62 MP: 5/8
  6122 | D:6      | Gained mutation: Your body sometimes deteriorates upon
                  | taking damage. [potion of mutation]
  6122 | D:6      | Gained mutation: You are partially covered in slimy green
                  | scales. (AC +2) [potion of mutation]
  6136 | D:6      | HP: 2/63 [killer bee (2)]
  6138 | D:6      | Succumbed to a killer bee's poison

Illustrated notes

Levels and vault maps discovered:
D:1:      nzn_arrival_depleted_hourglass, layout_basic
D:2:      layout_basic, grunt_ministairs_5, minmay_pentomino_z4
D:3:      layout_loops_corners, nicolae_overflow_crystal_walls
D:4:      layout_rooms, minmay_temple_entry_glassed_door
D:5:      layout_gridville, okawaru_gym_becter, lemuel_doored_altar, minitemple,
          nemelex_lonely_heart_becter
D:6:      layout_rooms, nicolae_overflow_hidden_temple, serial_bayou_lagoon_a,
          uniq_crazy_yiuf_cottage, uniq_menkaure
Temple:   minmay_temple_forest_path

Skill      XL: |  1  2  3  4  5  6  7  8 |
---------------+-------------------------+-----
Axes           | 3 4 5 6 8 9 10 | 10.7
Fighting       | 5 6 |  6.3
Armour         | |  3.2
Shields        | |  3.2

Action                   |  1- 3 |  4- 6 |  7- 9 || total
-------------------------+-------+-------+-------++-------
Melee: War axe           |    83 |   160 |    42 ||   285
Throw: Stone             |     6 |     5 |       ||    11
  Use: Scroll            |       |     2 |     4 ||     6
       Potion            |       |     7 |    11 ||    18
 Stab: Distracted        |       |     1 |       ||     1
Armor: Scale mail        |     5 |       |       ||     5
       Plate armour      |    56 |   101 |    60 ||   217
Dodge: Dodged            |    17 |    12 |    11 ||    40
Block: Kite shield       |    47 |    90 |    30 ||   167

Table legend: (Time is in decaauts)
 A = Elapsed time spent in this place.
 B = Non-inter-level travel time spent in this place.
 C = Inter-level travel time spent in this place.
 D = Time resting spent in this place.
 E = Time spent auto-exploring this place.
 F = Levels seen in this place.
 G = Mean time per level.
                   A        B        C        D        E       F      G
               +--------+--------+--------+--------+--------+-----+--------+
         Total |   6242 |   6021 |    221 |   2061 |   2707 |   7 |  891.7 |
       Dungeon |   5733 |   5585 |    148 |   1961 |   2400 |   6 |  955.5 |
        Temple |    508 |    436 |     72 |    100 |    307 |   1 |  508.0 |
               +--------+--------+--------+--------+--------+-----+--------+

Top non-repeatable levels by time:
     D:5: 1539 daAuts
     D:2: 1264 daAuts
     D:1: 1200 daAuts
     D:3: 1154 daAuts
  Temple: 508 daAuts
     D:4: 436 daAuts
     D:6: 138 daAuts
